 Dungeon Crawl Stone Soup version 0.21-a0-642-g5d013b2151 (webtiles) character file.

44 Manul the Ducker (level 3, -1/19 HPs)
             Began as a Spriggan Abyssal Knight on Dec 31, 2017.
             Was a Follower of Lugonu.
             Slain by a hobgoblin (3 damage)
             ... on level 1 of the Dungeon.
             The game lasted 00:02:45 (2543 turns).

Manul the Ducker (Spriggan Abyssal Knight)          Turns: 2543, Time: 00:02:46

Health: -1/19      AC:  2    Str:  9    XL:     3   Next: 39%
Magic:  5/5        EV: 19    Int: 18    God:    Lugonu [*.....]
Gold:   81         SH:  0    Dex: 15    Spells: 2/2 levels left

rFire    . . .     SeeInvis +   a - +1 short sword
rCold    . . .     Gourm    .   (shield restricted)
rNeg     . . .     Faith    .   b - +0 robe
rPois    .         Spirit   .   (helmet restricted)
rElec    .         Reflect  .   (no cloak)
rCorr    .         Harm     .   (gloves unavailable)
MR       .....                  (boots unavailable)
Stlth    +++.......             (no amulet)
HPRegen  0.06/turn              k - ring of stealth
MPRegen  0.09/turn              (no ring)

@: brilliant, very quick
A: very small, unfitting armour, see invisible, herbivore, speed 3, slow
metabolism 2
a: Depart the Abyss, Renounce Religion


You were on level 1 of the Dungeon.
You worshipped Lugonu.
Lugonu was aware of your devotion.
You were not hungry.

You visited 1 branch of the dungeon, and saw 2 of its levels.
You visited the Abyss 1 time.

You collected 81 gold pieces.

Inventory:

Hand Weapons
 a - a +1 short sword (weapon)
Armour
 b - a +0 robe (worn)
 g - +0 gold dragon scales
Jewellery
 k - a ring of stealth (left hand)
Wands
 e - a wand of digging (13)
Scrolls
 h - a scroll of enchant armour {unknown}
 i - a scroll of identify {unknown}
 l - a scroll of enchant weapon {unknown}
 m - a scroll of magic mapping {unknown}
Potions
 j - a potion of degeneration {unknown}
Miscellaneous
 f - a phial of floods
Comestibles
 c - 4 rations


   Skills:
 + Level 2.9 Fighting
 + Level 2.8 Short Blades
 * Level 0.6 Armour
 + Level 4.1 Dodging
 + Level 0.7 Stealth
 + Level 1.8 Invocations


You had 2 spell levels left.
You didn't know any spells.

Dungeon Overview and Level Annotations

Branches:
Dungeon (2/15)

Altars:
Nemelex Xobeh


Innate Abilities, Weirdness & Mutations

You are very small and have problems with some larger weapons.
You are too small for most types of armour.
You have supernaturally acute eyesight. (SInv)
You are a herbivore.
You cover ground extremely quickly.
You need consume almost no food.


Message History

The orc hits you with a club. The hobgoblin misses you.
There is a stone staircase leading up here.
You see here a tomahawk.
You hit the orc.
The orc is lightly wounded.
The orc completely misses you. The hobgoblin misses you.
You barely miss the orc.
The orc is lightly wounded.
The orc misses you. The hobgoblin completely misses you.
You hit the orc but do no damage.
The orc is lightly wounded.
The orc hits you with a club. The hobgoblin hits you.
The orc completely misses you. The hobgoblin hits you.
* * * LOW HITPOINT WARNING * * *
You climb upwards.
There is a stone staircase leading down here.
It was a potion of brilliance.
You feel clever all of a sudden. The orc completely misses you.
The hobgoblin hits you.
You die...

# #.# #.# ##...## #
#.# #.###.....## #
#)# ##.##........ #
#.# ##............
#
#.####.....##...##.
#
#..............###.
#
#....##..#.#######.
#
##g####..#.........
#@# #..##########
#o####..# #########
#.......########
#.......#
######.........#
#.#####.#
#..######.# #.# #.#
#..# #.# #)#
###.#########..####
#.# #.#
#.................#
#.# #.#
#.#.#########..##.#
#.###


You could see an orc and a hobgoblin.

Vanquished Creatures
  A leopard gecko (D:2)
  3 orcs
  2 bats (D:1)
  2 giant cockroaches
  4 goblins
  4 hobgoblins (D:1)
  8 jackals (D:1)
  A frilled lizard (D:2)
  4 kobolds (D:1)
  6 rats
35 creatures vanquished.

Notes
Turn   | Place    | Note
-------+----------+-------------------------------------------
     0 | Abyss:1  | Manul the Spriggan Abyssal Knight began the quest for the Orb.
     0 | Abyss:1  | Reached XP level 1. HP: 11/11 MP: 3/3
    80 | Abyss:3  | Noticed a lich
    84 | Abyss:3  | Noticed a slime creature
   124 | D:1      | Escaped the Abyss
   516 | D:1      | Reached * piety under Lugonu
   517 | D:1      | Reached XP level 2. HP: 16/16 MP: 4/4
   592 | D:1      | Found a sparkling altar of Nemelex Xobeh.
  1168 | D:1      | Reached skill level 4 in Dodging
  1168 | D:1      | Reached XP level 3. HP: 19/19 MP: 5/5
  2543 | D:1      | Slain by a hobgoblin

Vault maps used:
D:1:      onia_arrival_mini_maze_b, nemelex_xobeh_ov_fountains_minmay
D:2:      wad_lake_hut, minivault_19
Abyss:2:  serial_sigils_hangedman_shear
Abyss:3:  evilmike_abyss_exit_16, evilmike_abyss_exit_11, minivault_5

Skill      XL: |  1  2 |
---------------+-------+-----
Dodging        | 4 |  4.1
Fighting       | |  2.9
Short Blades   | |  2.8
Armour         | |  0.6
Stealth        | |  0.7
Invocations    | |  1.8

Action                   || total
-------------------------++-------
Melee: Short sword       ||   147
Invok: Depart the Abyss  ||     1
  Use: Potion            ||     2
 Stab: Sleeping          ||     3
Armor: Robe              ||    14
Dodge: Dodged            ||   133

Table legend:
 A = Spawn XP
 B = Non-spawn XP
 C = Spawn XP percentage of total XP
 D = Spawn monster count
 E = Non-spawn monster count
 F = Spawn count percentage of total count
 G = Total turns spent on level
                    A         B        C        D         E        F      G
               +---------+---------+-------+---------+---------+-------+---------
         Total |       0 |      63 |   0.0 |       0 |      35 |   0.0 |  2543
               +---------+---------+-------+---------+---------+-------+---------
           D:1 |       0 |      48 |   0.0 |       0 |      27 |   0.0 |  2190
           D:2 |       0 |      15 |   0.0 |       0 |       8 |   0.0 |   229
               +---------+---------+-------+---------+---------+-------+---------
